 Dungeon Crawl Stone Soup version 0.21.1-1-g345015f (webtiles) character file.

1444 Mgcat the Skirmisher (level 8, -4/68 HPs)
             Began as a Demonspawn Chaos Knight on Feb 9, 2018.
             Killed from afar by an electric eel (11 damage)
             ... with a bolt of electricity
             ... on level 5 of the Dungeon.
             The game lasted 00:11:15 (5573 turns).

Mgcat the Skirmisher (Demonspawn Chaos Knight)      Turns: 5573, Time: 00:11:15

Health: -4/68      AC:  6    Str: 15    XL:     8   Next: 46%
Magic:  8/8        EV: 11    Int: 13    God:    Xom [..*...]
Gold:   251        SH:  0    Dex: 13    Spells: 7/7 levels left

rFire    . . .     SeeInvis .   a - +1 mace (chaos)
rCold    . . .     Gourm    .   (no shield)
rNeg     + . .     Faith    .   b - +3 leather armour
rPois    .         Spirit   .   (helmet restricted)
rElec    .         Reflect  .   (no cloak)
rCorr    +         Harm     .   (no gloves)
MR       .....                  (no boots)
Stlth    ++++......             (no amulet)
HPRegen  0.21/turn              r - ring of positive energy {rN+}
MPRegen  0.11/turn              k - ring of resist corrosion

@: no status effects
A: claws 1, hooves 1, horns 1, nightstalker 2, spiny 1
a: Renounce Religion


You were on level 5 of the Dungeon.
You worshipped Xom.
You were a toy of Xom.
You were not hungry.

You visited 1 branch of the dungeon, and saw 5 of its levels.
You also visited: Sewer.

You collected 251 gold pieces.

Inventory:

Hand Weapons
 a - a +1 mace of chaos (weapon)
 o - a +0 morningstar
   (You took it off an orc on level 5 of the Dungeon)
Missiles
 p - 4 javelins (quivered)
 q - 11 curare-tipped needles
Armour
 b - a +3 leather armour (worn)
 f - a +0 ring mail
   (Xom gifted it to you on level 4 of the Dungeon)
Jewellery
 k - a ring of resist corrosion (right claw)
   (You found it on level 4 of the Dungeon)
 r - a ring of positive energy (left claw) {rN+}
   (You found it on level 3 of the Dungeon)
Scrolls
 d - a scroll of noise {!r}
 e - 8 scrolls of identify
 j - a scroll of teleportation
 m - a scroll of remove curse
Potions
 g - 2 potions of might {unknown}
 h - a potion of magic {unknown}
 i - 2 potions of flight
 l - 2 potions of mutation {unknown}
 n - a potion of haste {unknown}
 t - a potion of agility {unknown}
 v - 3 potions of cancellation {unknown}
Comestibles
 c - 8 rations


   Skills:
 + Level 7.7 Fighting
 + Level 7.1 Maces & Flails
 - Level 1.7 Armour
 - Level 0.8 Dodging
 + Level 2.4 Stealth


You had 7 spell levels left.
You didn't know any spells.

Dungeon Overview and Level Annotations

Branches:
Dungeon (5/15)
 Temple: D:4-7

Altars:
Fedhas
Gozag
Xom


Innate Abilities, Weirdness & Mutations

You have sharp fingernails.
You have large cloven feet.
You have a pair of small horns on your head.
You are significantly more attuned to the shadows.
You are partially covered in sharp spines.


Message History

You kill the ice beast!
You hit the ooze.
You hear a crackling sound.
You kick the ooze.
The ooze is severely wounded.
The ooze is struck by your spines.
You kill the ooze!
A shadow imp comes into view.
The shadow imp shouts!
Xom grants you insight.
You feel aware of your surroundings.
The shadow imp is struck by your spines.
The shadow imp closely misses you.
You sock the shadow imp! You burn the shadow imp.
You kill the shadow imp!
No target in view!
No target in view!
You see here 22 arrows.
You see here 22 arrows.
e - 8 scrolls of identify (gained 1)
You open the door.
There is an open door here.
You enter the shallow water.
Moving in this stuff is going to be slow.
A hound skeleton comes into view.
The hound skeleton is struck by your spines.
The hound skeleton bites you.
You hit the hound skeleton.
The hound skeleton is severely damaged.
The hound skeleton is struck by your spines.
The hound skeleton closely misses you.
Your unstable footing causes you to fumble your attack.
The hound skeleton is struck by your spines.
You destroy the hound skeleton!
No reachable target in view!
No reachable target in view!
You enter the shallow water.
Moving in this stuff is going to be slow.
A hound skeleton comes into view.
A hound skeleton is nearby!
You are starving!
You are too hungry to fight recklessly!
You are too hungry to fight recklessly!
You are too hungry to fight recklessly!
You are too hungry to fight recklessly!
You are too hungry to fight recklessly!
You are too hungry to fight recklessly!
You are too hungry to fight recklessly!
The helpless hound skeleton fails to defend itself.
You hit the hound skeleton. You burn the hound skeleton.
You kick the hound skeleton, but do no damage.
The hound skeleton is lightly damaged.
The hound skeleton is struck by your spines.
The hound skeleton bites you but does no damage.
You hit the hound skeleton. You burn the hound skeleton.
The hound skeleton is heavily damaged.
The hound skeleton is struck by your spines.
The hound skeleton barely misses you.
You hit the hound skeleton. You burn the hound skeleton.
You destroy the hound skeleton!
You eat one of the 9 rations.
That ration really hit the spot!
You enter the shallow water.
Moving in this stuff is going to be slow.
You enter the shallow water.
Moving in this stuff is going to be slow.
An orc comes into view. It is wielding a morningstar.
You hit the orc but do no damage. The orc is struck by your spines.
You kill the orc!
No target in view!
No target in view!
Things that are here:
a morningstar; a ring mail
o - a morningstar You open the door.
There is an open door here.
The electric eel is too close now for your liking.
The electric eel shoots out a bolt of lightning at you!
The bolt of electricity hits you!
The electric eel shoots out a bolt of lightning at you!
The bolt of electricity misses you.
The electric eel shoots out a bolt of lightning at you!
The bolt of electricity hits you!
The electric eel shoots out a bolt of lightning at you!
The bolt of electricity hits you!
The electric eel shoots out a bolt of lightning at you!
The bolt of electricity hits you! The bolt of electricity misses you.
You barely miss the electric eel. Your headbutt misses the electric eel.
You barely miss the electric eel. You kick the electric eel.
The electric eel is moderately wounded.
The electric eel shoots out a bolt of lightning at you!
The bolt of electricity hits you! x2
* * * LOW HITPOINT WARNING * * *
The electric eel shoots out a bolt of lightning at you!
The bolt of electricity hits the electric eel.
The electric eel completely resists.
The bolt of electricity hits you!
* * * LOW HITPOINT WARNING * * *
The electric eel shoots out a bolt of lightning at you!
The bolt of electricity hits you!
You die...
Xom cackles wildly!

####.####..# #..#
####...###..########..# #
##...........#.........# #
######..######......)...##..# #
##......##≈≈..'.....####.....# #
##..######≈#####..............#
###..##....≈##≈;≈##.....#.####...
..#.##≈######≈≈?;≈#..##.##^# #...
#.#.#≈##;;;##.?;@)#..##..#.# #...
....#≈#≈≈:≈≈#≈≈..$#..###.#.# #.##
.#..#≈#[.≈.$#PP.≈≈#.#.##..## #.##
....#≈#≈PP..#.....#.#.....# #...
#.###.# ≈ #.....#.#..##.# #...
#.# #.#,,, ##..'####..##.# #...
#.# #.# , ,,#####..##..##.# ##.#
#.# #.## +##≈≈.[.###..##.## *###
#.####.####..≈#######..##..#*_ ,,


You could see 3 electric eels.

Vanquished Creatures
  Grinder (D:4)
  Menkaure (D:4)
  A water moccasin (D:5)
  An ice beast (D:5)
  The ghost of rlgrobin the Firebug, an amateur DsFE (D:3)
  A big kobold (Sewer)
  A bullfrog (D:3)
  3 scorpions
  2 howler monkeys (D:4)
  A hound (D:4)
  2 orc wizards
  2 orc priests
  A bullfrog skeleton (D:4)
  2 worker ants
  2 hound skeletons (D:5)
  A gnoll (D:2)
  An adder (D:4)
  2 river rats (Sewer)
  2 shadow imps (D:5)
  4 oozes
  2 worms
  A dart slug (D:4)
  6 leopard geckos
  14 orcs
  A ball python (D:2)
  8 giant cockroaches
  9 hobgoblins
  3 jackals
  4 quokkas
  13 bats
  4 frilled lizards
  9 goblins
  A jackal skeleton (D:4)
  14 kobolds
  A leopard gecko skeleton (D:5)
  A quokka skeleton (D:4)
  8 rats
131 creatures vanquished.

Vanquished Creatures (collateral kills)
  A crimson imp (D:5)
  2 gnolls (D:2)
  An orc (D:5)
4 creatures vanquished.

Vanquished Creatures (others)
  An orc (D:3)
  7 toadstools (D:1)
8 creatures vanquished.

Grand Total: 143 creatures vanquished

Notes
Turn   | Place    | Note
-------+----------+-------------------------------------------
     0 | D:1      | Mgcat the Demonspawn Chaos Knight began the quest for the Orb.
     0 | D:1      | Reached XP level 1. HP: 18/18 MP: 1/1
   129 | D:1      | XOM: divination: detect items
   225 | D:1      | Reached skill level 3 in Maces & Flails
   226 | D:1      | Gained mutation: You have large cloven feet. [demonic ancestry]
   226 | D:1      | Reached XP level 2. HP: 20/24 MP: 2/2
   463 | D:1      | XOM: harmless Summ miscast
  1130 | D:2      | XOM: god gift: 26 gold pieces
  1172 | D:2      | Reached XP level 3. HP: 28/29 MP: 3/3
  1433 | D:2      | XOM: enchant monster (good)
  1451 | D:2      | Reached skill level 4 in Fighting
  1455 | D:2      | HP: 1/30 [gnoll (7)]
  1456 | D:2      | Gained mutation: You are partially covered in sharp spines. [demonic ancestry]
  1456 | D:2      | Reached XP level 4. HP: 2/37 MP: 4/4
  1591 | D:2      | XOM: summons 1 hostile demon
  1635 | D:2      | XOM: divination: detect creatures
  2097 | D:3      | XOM: noise
  2102 | D:3      | Noticed rlgrobin's ghost (amateur DsFE)
  2105 | D:3      | Killed rlgrobin's ghost
  2105 | D:3      | Reached skill level 4 in Maces & Flails
  2105 | D:3      | Gained mutation: You are slightly more attuned to the shadows. [demonic ancestry]
  2105 | D:3      | Reached XP level 5. HP: 43/43 MP: 5/5
  2124 | D:3      | Found a glowing drain.
  2137 | Sewer    | Entered a sewer
  2228 | Sewer    | XOM: harmless Erth miscast
  2368 | Sewer    | Reached skill level 5 in Fighting
  2511 | Sewer    | Found a white marble altar of Elyvilon.
  2655 | D:3      | XOM: harmless Conj miscast
  2720 | D:3      | Gained mutation: You have sharp fingernails. [demonic ancestry]
  2720 | D:3      | Reached XP level 6. HP: 51/51 MP: 6/6
  2803 | D:3      | Reached skill level 5 in Maces & Flails
  3484 | D:4      | Noticed Grinder
  3490 | D:4      | XOM: divination: magic mapping
  3491 | D:4      | XOM: scenery: create altars
  3493 | D:4      | XOM: potion effect (haste)
  3495 | D:4      | XOM: potion effect (brilliance)
  3495 | D:4      | Paralysed by Grinder for 7 turns
  3496 | D:4      | XOM: silly message
  3509 | D:4      | Paralysed by something for 6 turns
  3523 | D:4      | HP: 10/51 [something/nerve-wracking pain (6)]
  3528 | D:4      | HP: 12/51 [something (10)]
  3531 | D:4      | Killed Grinder
  3531 | D:4      | Reached skill level 6 in Fighting
  3531 | D:4      | Gained mutation: You have a pair of small horns on your head. [demonic ancestry]
  3531 | D:4      | Reached XP level 7. HP: 19/58 MP: 7/7
  3756 | D:4      | Noticed Menkaure
  3780 | D:4      | HP: 14/58 [Menkaure (9)]
  3782 | D:4      | Killed Menkaure
  3961 | D:4      | Reached skill level 6 in Maces & Flails
  4070 | D:4      | XOM: confusion (+ monsters)
  4151 | D:4      | XOM: harmless Summ miscast
  4160 | D:4      | Reached skill level 7 in Fighting
  4203 | D:4      | Found an opulent altar of Gozag.
  4352 | D:4      | XOM: divination: detect items
  4509 | D:4      | XOM: god gift: ring mail {god gift}
  4712 | D:5      | Entered Level 5 of the Dungeon
  4714 | D:5      | Gained mutation: You are significantly more attuned to the shadows. [demonic ancestry]
  4714 | D:5      | Reached XP level 8. HP: 67/67 MP: 8/8
  4788 | D:5      | XOM: summons friendly iron imp
  4830 | D:5      | XOM: god gift: scale mail {god gift}
  4869 | D:5      | HP: 15/67 [scorpion (6)]
  4870 | D:5      | Reached skill level 1 in Stealth
  5069 | D:5      | XOM: divination: magic mapping
  5265 | D:5      | Found a blossoming altar of Fedhas.
  5267 | D:5      | Reached skill level 7 in Maces & Flails
  5267 | D:5      | Reached skill level 2 in Stealth
  5279 | D:5      | XOM: god gift: scale mail {god gift}
  5376 | D:5      | XOM: mild Conj miscast
  5481 | D:5      | XOM: divination: magic mapping
  5573 | D:5      | HP: 7/68 [electric eel/bolt of electricity (11)]
  5573 | D:5      | Killed from afar by an electric eel

Skill      XL: |  1  2  3  4  5  6  7  8 |
---------------+-------------------------+-----
Maces & Flails | 3 4 5 6 7 |  7.1
Fighting       | 4 5 6 7 |  7.7
Stealth        | 2 |  2.4
Armour         | |  1.7
Dodging        | |  0.8

Action                   |  1- 3 |  4- 6 |  7- 9 || total
-------------------------+-------+-------+-------++-------
Melee: Mace              |   105 |   117 |   106 ||   328
       Kick              |    15 |    29 |    35 ||    79
       Headbutt          |       |       |    15 ||    15
  Use: Potion            |       |     5 |     2 ||     7
       Scroll            |       |     1 |     9 ||    10
 Stab: Paralysed         |     2 |     1 |       ||     3
       Sleeping          |       |     5 |    10 ||    15
       Petrifying        |       |     1 |       ||     1
       Distracted        |       |     1 |       ||     1
       Confused          |       |       |     2 ||     2
       Petrified         |       |       |     1 ||     1
  Eat: Chunk             |     2 |     7 |     4 ||    13
       Ration            |       |       |     1 ||     1
Armor: Leather armour    |    48 |    31 |     7 ||    86
       Skin              |       |     1 |       ||     1
Dodge: Dodged            |    83 |    53 |    37 ||   173

Vault maps used:
D:1:      nagdon_arrival_double_spiral, serial_co_window_serial,
          co_window_cross_1, co_window_corner_a, co_window_of_opportunity_a,
          co_window_paths_a, co_window_corner_a, co_window_broadway_c,
          co_window_broadway_c, co_window_of_opportunity_b,
          co_window_of_opportunity_c, glass_columns_b, glass_columns_c,
          glass_columns_b, glass_columns_b
D:3:      portal_sewer_entry_f
D:4:      grunt_gozag_statues, uniq_grinder, uniq_menkaure
D:5:      cheibrodos_two_vegetables, minmay_overflow_temple_star_hex,
          first_ration, fedhas_altar_fruit_tree
Sewer:    sewer_kobolds

Table legend:
 A = Turns spent in this place as a percentage of turns spent in the entire game.
 B = Non-inter-level travel turns spent in this place as a percentage of non-inter-level travel turns spent in the entire game.
 C = Inter-level travel turns spent in this place as a percentage of turns spent in this place.
 D = Turns resting spent in this place as a percentage of non-inter-level travel turns spent in this place.
 E = Turns spent auto-exploring this place as a percentage of non-inter-level travel turns spent in this place.
 F = Non-inter-level travel turns spent in this place divided by the number of levels of this place that you've seen.
                   A       B       C       D       E      F
               +-------+-------+-------+-------+-------+----------------------
         Total | 100.0 | 100.0 |   1.0 |   5.2 |  78.4 | 919.7
       Dungeon |  92.5 |  92.4 |   1.1 |   3.3 |  80.2 | 1020.2
         Sewer |   7.5 |   7.6 |   0.0 |  29.5 |  57.1 | 417.0
               +-------+-------+-------+-------+-------+----------------------

Table legend:
 A = Kills in this place as a percentage of kills in entire the game.
 B = Kills by you in this place as a percentage of kills by you in the entire game.
 C = Kills by friends in this place as a percentage of kills by friends in the entire game.
 D = Other kills in this place as a percentage of other kills in the entire game.
 E = Experience gained in this place as a percentage of experience gained in the entire game.
 F = Experience gained in this place divided by the number of levels of this place that you have seen.
                   A       B       C       D       E      F
               +-------+-------+-------+-------+-------+----------------------
         Total | 100.0 | 100.0 | 100.0 | 100.0 | 100.0 | 344.0
       Dungeon |  93.4 |  93.1 | 100.0 | 100.0 |  93.7 | 386.6
         Sewer |   6.6 |   6.9 |   0.0 |   0.0 |   6.3 | 131.0
               +-------+-------+-------+-------+-------+----------------------
